 Dungeon Crawl Stone Soup version 0.28.0-53-g5a82cb258f (console) character file.

Game seed: 9536574944118387894

51 erker the Sneak (level 3, -1/21 HPs)
             Began as an Octopode Earth Elementalist on July 10, 2022.
             Slain by an orc
             ... wielding a +0 short sword
              (5 damage)
             ... on level 3 of the Dungeon.
             The game lasted 00:04:56 (1776 turns).

erker the Sneak (Octopode Earth Elementalist)       Turns: 1776, Time: 00:04:56

Health: -1/21      AC:  1    Str:  7    XL:     3   Next: 83%
Magic:  6/6        EV: 13    Int: 19    God:
Gold:   99         SH:  0    Dex: 12    Spells: 3/6 levels left

rFire   . . .      SeeInvis +   a - +0 dagger
rCold   . . .      Faith    .   (no shield)
rNeg    . . .      Spirit   .   (helmet restricted)
rPois   .          Reflect  .   (no amulet)
rElec   .          Harm     .   m - ring of see invisible
rCorr   .          Rampage  .   (no ring)
Will    .....                   (no ring)
Stlth   +++.......              (no ring)
HPRegen 0.07/turn               (no ring)
MPRegen 0.10/turn               (no ring)
                                (no ring)
                                (no ring)

@: no status effects
A: almost no armour, amphibious, 8 rings, camouflage 1, gelatinous body 1,
(nimble swimmer 1), tentacles
a: no special abilities


You were on level 3 of the Dungeon.
You visited 1 branch of the dungeon, and saw 3 of its levels.

You collected 99 gold pieces.

Inventory:

Hand Weapons
 a - a +0 dagger (weapon)
Missiles
 d - 2 boomerangs
 e - 115 stones
 g - 20 bolts
 j - 36 sling bullets
Magical Staves
 b - a staff of earth
Jewellery
 k - a ring of resist corrosion
 m - a ring of see invisible (left tentacle)
 n - an amulet of faith
Scrolls
 c - a scroll of identify {unknown}
 f - a scroll of torment {unknown}
 h - 3 scrolls of teleportation {unknown}
 i - a scroll of summoning {unknown}
 o - a scroll of enchant weapon {unknown}


   Skills:
 + Level 1.0 Short Blades
 - Level 2.0 Dodging
 - Level 4.0 Stealth
 - Level 2.0 Spellcasting
 - Level 1.0 Transmutations
 + Level 3.9 Earth Magic


You had 3 spell levels left.
You knew the following spells:

 Your Spells              Type           Power      Damage    Failure   Level
a - Sandblast             Erth           32%        2d9       3%          1
w - Passwall              Tmut/Erth      9%         N/A       10%         2

Your spell library contained the following spells:

 Spells                   Type           Power      Damage    Failure   Level
 Stone Arrow              Conj/Erth      18%        3d8       22%         3
 Inner Flame              Hex/Fire       1%         N/A       45%         3
 Petrify                  Tmut/Erth      11%        N/A       52%         4
 Cause Fear               Hex            0%         N/A       86%         4
 Discord                  Hex            0%         N/A       100%        8


Dungeon Overview and Level Annotations

Branches:
Dungeon (3/15)

Altars:


Innate Abilities, Weirdness & Mutations

You cannot wear most types of armour.
You are amphibious.
You can wear up to eight rings at the same time.
Your skin changes colour to match your surroundings (Stealth+).
Your rubbery body absorbs attacks. (AC +1, EV +1)
((You are camouflaged when in or above water. (Stealth+)))
You have tentacles for arms and can constrict up to eight enemies at once.


Message History

Aiming: Sandblast (safe; 3% risk of failure)
Press: ? - help, Shift-Dir - straight line, f - hobgoblin
Aim: a hobgoblin (79% to hit)
The blast of sand misses the hobgoblin.
You closely miss the hobgoblin. You grab the hobgoblin.
You squeeze the hobgoblin.
The hobgoblin is heavily wounded.
You constrict the hobgoblin.
The hobgoblin hits you but does no damage.
You hit the hobgoblin but do no damage. You squeeze the hobgoblin.
The hobgoblin is almost dead.
You constrict the hobgoblin, but do no damage.
You barely miss the hobgoblin.
The hobgoblin is almost dead.
You constrict the hobgoblin.
You kill the hobgoblin!
The orc wizard points at you and mumbles some strange words.
You are confused.
You hear a shout!
The orc wizard gestures at you while chanting.
You are more confused.
You see here a hobgoblin corpse.
You bump into the rock wall.
The orc wizard points at you and mumbles some strange words.
The magic dart hits you!
You're too confused to move!
The orc hits you with a +0 short sword.
* * * LOW HITPOINT WARNING * * *
You bump into the rock wall.
You bump into the rock wall.
You feel less confused.
The orc wizard points at you and mumbles some strange words.
You are confused.
The orc barely misses you.
It was a potion of cancellation.
Your magical effects are unravelling.
You feel magically purged.
You feel less confused. The orc hits you with a +0 short sword.
You die...

.o........#
..........#
..........#
o.o..o....#
####.####†# #.#
#.# #.# ##o###
#######.###.o..#
.........##.@o.#
.........##....#
.........##....#
..........#....#.#
........†.#......#
...............###
.........#.....#
........†#.....#
........†.#....#


You could see an orc wizard and 2 orcs.

Vanquished Creatures
  2 adders (D:3)
  2 dart slugs (D:2)
  4 ball pythons
  2 bats (D:1)
  2 endoplasms (D:1)
  A giant cockroach (D:1)
  2 goblins (D:1)
  6 hobgoblins
  2 kobolds
  A frilled lizard (D:3)
  3 rats
27 creatures vanquished.

Notes
Turn   | Place    | Note
-------+----------+-------------------------------------------
     0 | D:1      | erker the Octopode Earth Elementalist began the quest for
                  | the Orb.
     0 | D:1      | Reached XP level 1. HP: 11/11 MP: 3/3
    38 | D:1      | Noticed a golden eye
    54 | D:1      | Reached skill level 3 in Stealth
    65 | D:1      | Found a faded altar of an unknown god.
    67 | D:1      | Noticed a golden eye
    67 | D:1      | Noticed a floating eye
    67 | D:1      | Noticed a great orb of eyes
   205 | D:1      | Reached XP level 2. HP: 17/17 MP: 5/5
   232 | D:1      | Reached skill level 4 in Stealth
  1160 | D:2      | Reached XP level 3. HP: 13/21 MP: 6/6
  1671 | D:3      | Learned a level 2 spell: Passwall
  1730 | D:3      | Reached skill level 1 in Short Blades
  1776 | D:3      | Slain by an orc

Illustrated notes

Levels and vault maps discovered:
D:1:      lightli_arrival_flooded_house, layout_basic,
          hellmonk_ecumenical_altar_watching_god, minmay_liquid_box
D:2:      layout_loops_ring
D:3:      layout_basic

Skill      XL: |  1  2  3 |
---------------+----------+-----
Stealth        | 3 4 |  4.0
Short Blades   | 1 |  1.0
Dodging        | |  2.0
Spellcasting   | |  2.0
Transmutations | |  1.0
Earth Magic    | |  3.9

Action                   || total
-------------------------++-------
Melee: Staff             ||    37
       Constrict         ||    12
       Tentacles         ||    10
       Dagger            ||     3
 Cast: Sandblast         ||    18
  Use: Potion            ||     1
 Stab: Sleeping          ||    12
Armor: Skin              ||     9
Dodge: Dodged            ||    25
